 Dungeon Crawl Stone Soup version 0.23.2-40-g277498a (webtiles) character file.

Game seed: 17695699239717112548

427 LittleTurtle the Conjurer (level 6, 0/32 HPs)
             Began as a Deep Elf Conjurer on Sept 29, 2019.
             Shot with an arrow by a centaur (9 damage)
             ... on level 4 of the Dungeon.
             The game lasted 00:10:06 (3860 turns).

LittleTurtle the Conjurer (Deep Elf Conjurer)       Turns: 3860, Time: 00:10:06

Health: 0/32       AC:  2    Str:  5    XL:     6   Next: 65%
Magic:  5/17       EV: 13    Int: 22    God:
Gold:   110        SH:  0    Dex: 15    Spells: 12/17 levels left

rFire    . . .     SeeInvis .   (no weapon)
rCold    . . .     Gourm    .   (no shield)
rNeg     . . .     Faith    .   a - +0 robe
rPois    .         Spirit   .   (no helmet)
rElec    .         Reflect  .   (no cloak)
rCorr    .         Harm     .   (no gloves)
MR       .....                  (no boots)
Stlth    +++.......             (no amulet)
HPRegen  0.10/turn              (no ring)
MPRegen  0.15/turn              (no ring)

@: very slightly contaminated
A: no striking features
a: no special abilities


You were on level 4 of the Dungeon.
You were not hungry.

You visited 1 branch of the dungeon, and saw 4 of its levels.

You collected 110 gold pieces.

Inventory:

Armour
 a - a +0 robe (worn)
Scrolls
 b - a scroll of fear {unknown}
 d - a scroll of enchant weapon
 f - 3 scrolls of blinking
 g - 2 scrolls of teleportation
 i - a scroll of amnesia {unknown}
 l - a scroll of remove curse {unknown}
 m - a scroll of magic mapping {unknown}
Potions
 h - a potion of flight {unknown}
 j - a potion of lignification {unknown}
 k - a potion of curing
 n - a potion of brilliance {unknown}
 o - a potion of invisibility {unknown}
 p - a potion of mutation {unknown}
Comestibles
 c - 6 rations


   Skills:
 + Level 2.4 Dodging
 * Level 4.0 Stealth
 * Level 6.1 Spellcasting
 * Level 7.0 Conjurations


You had 12 spell levels left.
You knew the following spells:

 Your Spells              Type           Power        Failure   Level  Hunger
a - Magic Dart            Conj           ####         1%          1    None
b - Iskenderun's Mystic   Conj           #####...     4%          4    ###....

Your spell library contained the following spells:

 Spells                   Type           Power        Failure   Level  Hunger
 Searing Ray              Conj           #####.       1%          2    None
 Dazzling Spray           Conj/Hex       ###...       6%          3    #......
 Force Lance              Conj/Tloc      ###.....     22%         4    ###....
 Fulminant Prism          Conj/Hex       ###.......   22%         4    ###....


Dungeon Overview and Level Annotations

Branches:
Dungeon (4/15)
 Temple: D:4-7

Altars:
Ashenzari
Makhleb
Okawaru
Xom


Message History

A dart slug comes into view.
Casting: Iskenderun's Mystic Blast (safe; 4% risk of failure)
Confirm with . or Enter, or press ? or * to list all spells.
Aiming: Iskenderun's Mystic Blast (safe; 4% risk of failure)
Press: ? - help, Shift-Dir - straight line, f/p - centaur
Aim: a centaur, wielding a +0 shortbow (moderately wounded)
You miscast Iskenderun's Mystic Blast.
You are very lightly contaminated with residual magic.
Nothing appears to happen.
The centaur shoots an arrow.
The arrow hits you!
* * * LOW HITPOINT WARNING * * *
Casting: Iskenderun's Mystic Blast (safe; 4% risk of failure)
Confirm with . or Enter, or press ? or * to list all spells.
Aiming: Iskenderun's Mystic Blast (safe; 4% risk of failure)
Press: ? - help, Shift-Dir - straight line, f/p - centaur
Aim: a centaur, wielding a +0 shortbow (moderately wounded)
The orb of energy hits the centaur!
The centaur is severely wounded.
The centaur shoots an arrow.
The arrow closely misses you.
The centaur shoots an arrow.
The arrow hits you!
You die...

.o. ...........##.......###
....##....##...# #.........#
...............###.........#
#...)....................##
.............#............###
.......##.##.#.##...........#
......##(..##.....##.......##
.....##....[###..........###
.w...#c.....@##......._###
......w.._..............####
.....#.......#......[..[)#>##
.#.##.....##...........)..# #
##.).##................
##.##............[....
#.#......#...........
###..#...##..#..#.)..
#..#.....########..


You could see a centaur and a dart slug.

Vanquished Creatures
  A phantom (D:4)
  An ogre (D:3)
  A centaur skeleton (D:4)
  An orc priest (D:4)
  An orc wizard (D:4)
  Ijyb (D:3)
  Jessica (D:2)
  A gnoll (D:2)
  2 oozes (D:2)
  4 worms
  2 dart slugs (D:1)
  11 orcs
  2 giant cockroaches (D:1)
  9 goblins
  3 hobgoblins
  3 jackals (D:3)
  16 kobolds
  A quokka (D:2)
  2 ball pythons
  9 bats
  2 frilled lizards (D:2)
  6 rats
80 creatures vanquished.

Notes
Turn   | Place    | Note
-------+----------+-------------------------------------------
     0 | D:1      | LittleTurtle the Deep Elf Conjurer began the quest for the
                  | Orb.
     0 | D:1      | Reached XP level 1. HP: 10/10 MP: 6/6
   248 | D:1      | Reached XP level 2. HP: 15/15 MP: 5/8
   250 | D:1      | Reached skill level 5 in Conjurations
   986 | D:1      | Reached XP level 3. HP: 19/19 MP: 4/9
  1421 | D:2      | Noticed Jessica
  1424 | D:2      | Killed Jessica
  1424 | D:2      | Reached XP level 4. HP: 24/24 MP: 7/11
  1753 | D:2      | Found an iron altar of Okawaru.
  1779 | D:2      | Reached skill level 6 in Conjurations
  2109 | D:3      | Noticed Ijyb
  2124 | D:3      | Paralysed by Ijyb for 5 turns
  2133 | D:3      | Paralysed by Ijyb for 3 turns
  2136 | D:3      | Killed Ijyb
  2136 | D:3      | Reached XP level 5. HP: 24/28 MP: 1/13
  2254 | D:3      | Found a burning altar of Makhleb.
  2254 | D:3      | Noticed a cacodemon
  2258 | D:3      | Noticed a neqoxec
  2258 | D:3      | Noticed a neqoxec
  2354 | D:3      | Noticed an ogre
  2360 | D:3      | Killed an ogre
  2925 | D:4      | Found a shattered altar of Ashenzari.
  2933 | D:4      | Reached skill level 5 in Spellcasting
  3024 | D:4      | Learned a level 4 spell: Iskenderun's Mystic Blast
  3026 | D:4      | Noticed a phantom
  3034 | D:4      | Killed a phantom
  3034 | D:4      | Reached XP level 6. HP: 32/32 MP: 0/16
  3375 | D:4      | Reached skill level 7 in Conjurations
  3662 | D:4      | Found a shimmering altar of Xom.
  3860 | D:4      | Shot with an arrow by a centaur

Skill      XL: |  1  2  3  4  5  6 |
---------------+-------------------+-----
Conjurations   | 5 6 7 |  7.0
Stealth        | 3 4 |  4.0
Spellcasting   | 4 5 6 |  6.1
Dodging        | |  2.4

Action                   |  1- 3 |  4- 6 || total
-------------------------+-------+-------++-------
 Cast: Magic Dart        |    61 |   113 ||   174
       Iskenderun's Myst |       |    12 ||    12
  Use: Scroll            |       |     4 ||     4
  Eat: Ration            |     1 |     2 ||     3
Armor: Robe              |     1 |     1 ||     2
Dodge: Dodged            |    11 |    13 ||    24
